 Dungeon Crawl Stone Soup version 0.31-a0-1300-gb6740aa4e6 (webtiles) character file.

Game seed: 15403106304228434393

23665 bmb222 the Grappler (level 12, -9/118 (122) HPs)
             Began as a Troll Shapeshifter on Dec 18, 2023.
             Mangled by a soul eater (17 damage)
             ... summoned by an orc high priest
             ... on level 2 of the Orcish Mines.
             The game lasted 00:13:59 (11055 turns).

bmb222 the Grappler (Troll Shapeshifter)           Turns: 11055, Time: 00:14:00

HP:   -9/118 (122)  AC: 12    Str: 29    XL:     12   Next: 73%
MP:   0/11          EV: 11    Int:  6    God:
Gold: 948           SH:  0    Dex:  9    Spells: 11/11 levels left

rFire   . .          .
                       - Unarmed
rCold   . . .        (no shield)
rNeg    + . .        U - +0 steam dragon scales
rPois   .            (helmet currently unavailable)
rElec   .            (cloak currently unavailable)
rCorr   .            (gloves unavailable)
SInv    .            (boots unavailable)
Will    .....        j - amulet of guardian spirit Stlth
                     m - ring of positive energy
HPRegen 1.19/turn    y - +4 ring of protection
MPRegen 0.12/turn

%: guardian spirit
@: beast-form, silenced, hasted, lightly drained, very quick
A: beast (slay +4), large, unfitting armour, claws 3, regeneration 1, shaggy fur
1, tough skin 1, fangs 1, no potion heal 1, subdued magic 1, noise suppression
a: Begin Untransformation


You were on level 2 of the Orcish Mines.
You were a hulking beast.
You visited 2 branches of the dungeon, and saw 14 of its levels.
You also visited: Ossuary.

You collected 1368 gold pieces.
You spent 420 gold pieces at shops.

Inventory:

Hand Weapons
 h - a +2 dagger of draining
 z - a +2 spectral whip
Missiles
 o - 8 curare-tipped darts (quivered)
 V - 5 large rocks
 W - 5 throwing nets
Armour
 x - a +0 buckler
 E - a +0 cloak
 S - the +0 robe of Experimentation {Harm rN++ Slay+3}
   (You found it on level 6 of the Dungeon)

   Slay+3:    It affects your accuracy & damage with ranged weapons and melee
   (+3).
   rN++:      It greatly protects you from negative energy.
   Harm:      It increases damage dealt and taken.
 T - a +1 robe of resistance
 U - +0 steam dragon scales (worn)
Jewellery
 j - an amulet of guardian spirit (around neck)
 m - a ring of positive energy (left claw)
 y - a +4 ring of protection (right claw)
 A - a ring of fire
 G - a ring of flight
 Q - an amulet of magic regeneration
Talismans
 a - a maw talisman
 c - a beast talisman
 d - a flux talisman
Wands
 g - a wand of mindburst (5)
 r - a wand of light (5)
 B - a wand of polymorph (2)
 D - a wand of flame (38)
 K - a wand of charming (19)
Scrolls
 k - a scroll of revelation
 l - a scroll of amnesia
 n - 2 scrolls of teleportation
 p - a scroll of identify
 s - 4 scrolls of enchant armour
 u - 4 scrolls of noise
 v - 2 scrolls of enchant weapon
 w - 2 scrolls of fog
 C - a scroll of poison
 I - a scroll of immolation
 J - a scroll of blinking
 R - a scroll of vulnerability
 X - a scroll of brand weapon
Potions
 b - 3 potions of lignification
 e - 2 potions of brilliance
 f - 5 potions of might
 i - 6 potions of enlightenment
 q - 2 potions of curing
 t - 4 potions of magic
 F - 4 potions of attraction
 H - 3 potions of ambrosia
 N - a potion of cancellation
 O - a potion of haste


   Skills:
 * Level 8.8 Fighting
 * Level 4.9 Armour
 - Level 6.5 Dodging
 - Level 13.7 Unarmed Combat
 + Level 1.8 Evocations
 * Level 9.0 Shapeshifting


You had 11 spell levels left.
You didn't know any spells.
Your spell library contained the following spells:

 Spells                   Type           Power      Damage    Failure   Level
 Freeze                   Ice            0%         1d3       41%         1
 Cigotuvi's Dreadful Rot  Necr/Pois/Air  0%         N/A       54%         2
 Scorch                   Fire           0%         2d5       54%         2
 Frozen Ramparts          Ice            0%         1d1       80%         3
 Hailstorm                Conj/Ice       0%         3d5       80%         3
 Ignite Poison            Fire/Tmut/Pois 0%         N/A       80%         3
 Tukima's Dance           Hex            0%         N/A       80%         3
 Dimensional Bullseye     Hex/Tloc       0%         N/A       99%         4
 Flame Wave               Conj/Fire      0%         2d4       99%         4
 Iskenderun's Mystic Bla  Conj/Tloc      0%         2d3       99%         4
 Alistair's Intoxication  Tmut/Pois      0%         N/A       100%        5
 Borgnjor's Vile Clutch   Necr/Erth      0%         N/A       100%        5
 Freezing Cloud           Conj/Ice/Air   0%         6-21      100%        5
 Summon Forest            Summ/Tloc      0%         N/A       100%        5
 Eringya's Noxious Bog    Tmut/Pois      0%         4d6       100%        6
 Summon Cactus Giant      Summ           0%         N/A       100%        6
 Summon Hydra             Summ           0%         N/A       100%        7


Dungeon Overview and Level Annotations

Branches:
Dungeon (12/15)            Temple (0/1) D:7            Lair (0/5) D:9
    Orc (2/2) D:11            Elf (0/3) Orc:2       Ossuary (visited)

Altars:
Dithmenos
Hepliaklqana
Nemelex Xobeh
Qazlal
Xom
The Shining One

Shops:
D:10 =:   D:11 ?


Innate Abilities, Weirdness & Mutations

You are a hulking beast.
Your limbs bulge with bestial killing power. (Slay +4)
You are too large for most types of armour.
You have claws for hands.
Your natural rate of healing is unusually fast.
You are covered in fur. (AC +1)
You have tough skin. (AC +1)
You have very sharp teeth.
Potions are less effective at restoring your health.
Your spells are a little easier to cast, but a little less powerful.
You passively dampen the noise of your surroundings.


Message History

You bite the orc high priest, but do no damage.
The orc high priest is severely wounded.
The orc warrior hits you but does no damage.
The orc high priest hits you with a +0 short sword.
The orc wizard closely misses you.
An orc warrior comes into view. It is wielding a +0 halberd.
The soul eater hits you!!
* * * LOW HITPOINT WARNING * * *
You partially resist.
You feel drained.
* * * LOW HITPOINT WARNING * * *
You closely miss the orc high priest. Your bite misses the orc high priest.
The orc high priest is severely wounded.
Something hits you.
* * * LOW HITPOINT WARNING * * *
Unknown command.
You completely miss the orc high priest.
The orc high priest is severely wounded.
The orc high priest hits you with a +0 short sword.
* * * LOW HITPOINT WARNING * * *
The orc warrior throws a boomerang.
The boomerang barely misses you. The soul eater hits you!
* * * LOW HITPOINT WARNING * * *
Something hits you but does no damage.
Your system partially rejects the healing.
You feel much better. The orc high priest barely misses you.
The orc wizard barely misses you.
The orc warrior throws a boomerang.
The boomerang hits you!
* * * LOW HITPOINT WARNING * * *
The soul eater hits you.
* * * LOW HITPOINT WARNING * * *
You partially resist.
You feel drained.
* * * LOW HITPOINT WARNING * * *
Something hits you but does no damage.
You feel yourself speed up. The orc warrior barely misses you.
The orc high priest hits you but does no damage.
The orc wizard hits you but does no damage.
The orc warrior throws a boomerang.
The boomerang hits you but does no damage.
The orc hits you but does no damage. The soul eater hits you!!
You die...

................##
.....................#
..................#.##
.....................#
...............)....##
................#...#
.......o.............#
......3oo...........##
......oh{.......#....#
.......o).).........##
........)))..........#
..................#.##
...............#.##
...#............##
...............##
.o..............#
..........#.#.##


You could see a soul eater (summoned, unsilenced), an orc high priest, 2 orc
warriors, an orc priest, an orc wizard and an orc.

Vanquished Creatures
  Josephine (D:11)
  Harold (D:11)
  2 boulder beetles
  An orc high priest (Orc:2)
  Sonja (D:11)
  Lodul (D:11)
  Pikel (D:5)
  An ugly thing (D:8)
  A deep elf pyromancer (D:8)
  An orc knight (Orc:2)
  2 orc sorcerers (Orc:2)
  Maurice (D:8)
  A cyclops (D:11)
  3 kobold blastminers
  A komodo dragon (D:10)
  A rime drake (D:9)
  A polar bear (D:9)
  Prince Ribbit (D:7)
  Grinder (D:3)
  A hornet (D:8)
  30 yaks
  8 wraiths
  3 wyverns
  A steam dragon (D:10)
  A warg (Orc:2)
  3 water moccasins
  16 orc warriors
  5 ice beasts
  2 black bears (D:6)
  A sky beast (D:7)
  13 ogres
  3 wolves (D:9)
  4 centaurs
  3 lemures (D:5)
  A phantom (D:6)
  Blork the orc (D:5)
  3 kobold brigands
  6 scorpions
  3 bullfrogs
  8 wights
  9 killer bees
  A crimson imp (D:4)
  4 centaur zombies (Ossuary)
  16 orc priests
  A jelly (D:7)
  Crazy Yiuf (D:5)
  3 gnoll boudas
  4 sleepcaps
  4 hounds
  Jessica (D:3)
  An iguana (D:4)
  Natasha (twice) (D:4)
  24 orc wizards
  6 mummies (Ossuary)
  6 adders
  13 gnolls
  A shadow imp (D:6)
  A white imp (D:5)
  4 ufetubi
  3 worms
  2 dart slugs
  61 orcs
  5 bats
  12 endoplasms
  2 giant cockroaches (D:1)
  7 goblins
  4 hobgoblins
  7 jackals
  4 quokkas
  6 ball pythons
  6 frilled lizards
  A goblin skeleton (D:4)
  A goblin zombie (D:4)
  7 hobgoblin zombies
  21 kobolds
  2 kobold skeletons (D:4)
  2 kobold zombies (D:4)
  An orc zombie (D:4)
  3 rats
  A spectral kobold (D:10)
399 creatures vanquished.

Notes
Turn   | Place    | Note
-------+----------+-------------------------------------------
     0 | D:1      | bmb222 the Troll Shapeshifter began the quest for the Orb.
     0 | D:1      | Reached XP level 1. HP: 18/18 MP: 0/0
   124 | D:1      | Found a faded altar of an unknown god.
   129 | D:1      | Reached XP level 2. HP: 20/26 MP: 1/1
   297 | D:1      | Reached XP level 3. HP: 23/32 MP: 2/2
   835 | D:2      | Reached skill level 4 in Unarmed Combat
   882 | D:2      | Reached skill level 1 in Fighting
   975 | D:2      | Reached XP level 4. HP: 39/41 MP: 3/3
  1517 | D:3      | Noticed Grinder
  1519 | D:3      | Paralysed by Grinder for 3 turns
  1528 | D:3      | Paralysed by Grinder for 4 turns
  1537 | D:3      | Killed Grinder
  1538 | D:3      | Reached skill level 5 in Unarmed Combat
  1538 | D:3      | Reached XP level 5. HP: 10/48 MP: 1/4
  1538 | D:3      | Reached XP level 6. HP: 11/55 MP: 1/5
  1868 | D:3      | Noticed Jessica
  1870 | D:3      | Killed Jessica
  2651 | D:4      | Noticed Natasha
  2654 | D:4      | Reached skill level 6 in Unarmed Combat
  2657 | D:4      | Killed Natasha
  2680 | D:4      | Found a glowing golden altar of the Shining One.
  2697 | D:4      | Reached XP level 7. HP: 63/63 MP: 6/6
  3070 | D:4      | Noticed Natasha
  3079 | D:4      | Killed Natasha
  3102 | D:4      | Reached skill level 7 in Unarmed Combat
  3388 | D:5      | Entered Level 5 of the Dungeon
  3456 | D:5      | Noticed Pikel
  3501 | D:5      | Killed Pikel
  3502 | D:5      | Reached skill level 8 in Unarmed Combat
  3502 | D:5      | Reached skill level 5 in Shapeshifting
  3502 | D:5      | Reached XP level 8. HP: 60/74 MP: 7/7
  3716 | D:5      | Noticed Blork the orc
  3722 | D:5      | Killed Blork the orc
  3728 | D:5      | Found a shimmering altar of Xom.
  3729 | D:5      | Found a shadowy altar of Dithmenos.
  3983 | D:5      | Found a runed translucent door.
  3984 | D:5      | Noticed Crazy Yiuf
  4106 | D:5      | Killed Crazy Yiuf
  4211 | D:6      | Reached skill level 9 in Unarmed Combat
  4243 | D:6      | Reached XP level 9. HP: 82/83 MP: 8/8
  4464 | D:6      | Identified the +0 robe of Experimentation {Harm rN++
                  | Slay+3}
  5107 | D:6      | Reached skill level 10 in Unarmed Combat
  5488 | D:7      | Noticed Prince Ribbit
  5503 | D:7      | Killed Prince Ribbit
  5617 | D:7      | Found a staircase to the Ecumenical Temple.
  5668 | D:7      | Reached skill level 5 in Dodging
  5671 | D:7      | Reached XP level 10. HP: 62/94 MP: 4/9
  5681 | D:7      | Reached skill level 11 in Unarmed Combat
  5895 | D:7      | Reached skill level 5 in Fighting
  6249 | D:8      | Found a sand-covered staircase.
  6258 | Ossuary  | Entered an ossuary
  6567 | D:8      | Noticed a cyan ugly thing
  6578 | D:8      | Killed a cyan ugly thing
  6622 | D:8      | Reached skill level 12 in Unarmed Combat
  6713 | D:8      | Noticed Maurice
  6714 | D:8      | Maurice stole 56 gold
  6717 | D:8      | Killed Maurice
  6827 | D:8      | Found a stormy altar of Qazlal.
  6966 | D:8      | Noticed a deep elf pyromancer
  6973 | D:8      | Killed a deep elf pyromancer
  6974 | D:8      | Reached XP level 11. HP: 105/105 MP: 8/10
  7546 | D:9      | Reached skill level 13 in Unarmed Combat
  7579 | D:9      | Found a staircase to the Lair.
  8151 | D:10     | Entered Level 10 of the Dungeon
  8374 | D:10     | Noticed a boulder beetle
  8383 | D:10     | Killed a boulder beetle
  8472 | D:10     | Found Deiffyatuy's Vocational Training.
  8576 | D:10     | Found Naatsug's Jewellery Shoppe.
  8582 | D:10     | Bought a maw talisman for 420 gold pieces
  8625 | D:10     | Found a sparkling altar of Nemelex Xobeh.
  8750 | D:10     | Found a hazy altar of Hepliaklqana.
  8931 | D:11     | Noticed Sonja
  8937 | D:11     | Killed Sonja
  8938 | D:11     | Reached skill level 1 in Armour
  9193 | D:11     | Found Ryq Aggi's Magic Scroll Emporium.
  9264 | D:11     | Reached skill level 1 in Evocations
  9317 | D:11     | Noticed a boulder beetle
  9323 | D:11     | Killed a boulder beetle
  9324 | D:11     | Reached XP level 12. HP: 118/118 MP: 11/11
  9560 | D:11     | Noticed Josephine
  9565 | D:11     | Killed Josephine
  9583 | D:11     | Noticed Harold
  9590 | D:11     | Killed Harold
  9757 | D:11     | Noticed Lodul
  9769 | D:11     | HP: 2/119 [ogre/+0 giant club[Lodul] (13)]
  9853 | D:11     | Gained mutation: You have very sharp teeth. [potion of
                  | mutation]
  9853 | D:11     | Gained mutation: Potions are less effective at restoring
                  | your health. [potion of mutation]
  9853 | D:11     | Gained mutation: Your spells are a little easier to cast,
                  | but a little less powerful. [potion of mutation]
  9853 | D:11     | Gained mutation: You passively dampen the noise of your
                  | surroundings. [potion of mutation]
  9904 | D:11     | Found a staircase to the Orcish Mines.
  9969 | D:11     | Killed Lodul
 10171 | Orc:1    | Entered Level 1 of the Orcish Mines
 10431 | Orc:2    | Entered Level 2 of the Orcish Mines
 10643 | Orc:2    | Found a staircase to the Elven Halls.
 10791 | Orc:2    | Noticed an orc high priest
 10802 | Orc:2    | Killed an orc high priest
 11035 | Orc:2    | Noticed an orc high priest
 11055 | Orc:2    | Mangled by a soul eater

Illustrated notes

Levels and vault maps discovered:
D:1:      lightli_arrival_windingriver, layout_basic,
          hellmonk_ecumenical_altar_lost_god, nicolae_hexahallways,
          hangedman_decor_growths, minmay_hedge_maze
D:2:      layout_basic
D:3:      layout_basic, cheibrodos_sewer_entry_bend, hex_large, uniq_grinder,
          uniq_jessica
D:4:      layout_basic, nicolae_tso_besieged_by_evil, uniq_natasha
D:5:      layout_rooms, jmf_multi_god_temple, uniq_blork_the_orc,
          uniq_crazy_yiuf_cottage, uniq_pikel
D:6:      layout_layer_cave, small_statue_intersection, serial_park_tiny_2,
          minmay_pentangle
D:7:      layout_basic, minmay_temple_entry_arrows,
          nicolae_figureground_sparkle, uniq_prince_ribbit1
D:8:      kennysheep_blocky_room, layout_basic,
          nicolae_qazlal_general_emergency, mainiacjoe_ossuary_entry_dusty_tomb,
          uniq_maurice
D:9:      layout_roguey [special_room_orc], hellmonk_lair_entry_icy
D:10:     layout_loops_ring, nicolae_hepliaklqana_monster_ancestors,
          nemelex_diamond_rough_becter, serial_shops, nicolae_shop_crystal,
          nicolae_shop_vocational
D:11:     layout_stronghold, orc_0_dummy, serial_shops,
          nicolae_shop_pleasant_corner_grove, serial_column_ruins,
          column_ruins_open_medium, column_ruins_grid_1, column_ruins_grid_3,
          column_ruins_columns_dead_end, uniq_josephine, uniq_lodul,
          uniq_harold, uniq_sonja
D:12:     layout_long_grid
Orc:1:    gammafunk_beogh_shrine, layout_caves
Orc:2:    st_orc_congregation, layout_caves

Skill      XL: |  1  2  3  4  5  6  7  8  9 10 11 12 |
---------------+-------------------------------------+-----
Unarmed Combat | 4 5 6 8 9 10 12 13 | 13.7
Fighting       | 1 2 3 4 6 7 8 |  8.8
Dodging        | 2 3 4 5 6 |  6.5
Shapeshifting  | 4 5 6 7 9 |  9.0
Armour         | 2 4 |  4.9
Evocations     | 1 |  1.8

Action                     |  1- 3 |  4- 6 |  7- 9 | 10-12 || total
---------------------------+-------+-------+-------+-------++-------
  Melee: Unarmed           |    92 |    94 |   287 |   538 ||  1011
         Punch             |     2 |     2 |    13 |    50 ||    67
         Bite              |       |       |       |    20 ||    20
  Evoke: Wand              |       |     2 |       |     5 ||     7
    Use: Potion            |       |     1 |       |     7 ||     8
         Scroll            |       |       |       |    26 ||    26
   Stab: Sleeping          |       |       |       |     1 ||     1
 Armour: Animal skin       |    57 |    41 |   223 |   194 ||   515
         Steam dragon scal |       |       |       |   230 ||   230
         Robe              |       |       |       |     4 ||     4
  Dodge: Dodged            |    42 |    32 |   151 |   220 ||   445

Table legend: (Time is in decaauts)
 A = Elapsed time spent in this place.
 B = Non-inter-level travel time spent in this place.
 C = Inter-level travel time spent in this place.
 D = Time resting spent in this place.
 E = Time spent auto-exploring this place.
 F = Levels seen in this place.
 G = Mean time per level.
                   A        B        C        D        E       F      G
               +--------+--------+--------+--------+--------+-----+--------+
         Total |  10919 |  10314 |    605 |    305 |   7843 |  15 |  727.9 |
       Dungeon |   9944 |   9351 |    593 |    219 |   7314 |  12 |  828.7 |
  Orcish Mines |    852 |    841 |     11 |     86 |    484 |   2 |  426.0 |
       Ossuary |    123 |    123 |      0 |      0 |     45 |   1 |  123.0 |
               +--------+--------+--------+--------+--------+-----+--------+

Top non-repeatable levels by time:
     D:6: 1312 daAuts
    D:11: 1227 daAuts
     D:3: 1129 daAuts
     D:8: 940 daAuts
     D:7: 812 daAuts
     D:1: 804 daAuts
     D:4: 784 daAuts
     D:5: 764 daAuts
     D:9: 729 daAuts
    D:10: 726 daAuts
     D:2: 645 daAuts
   Orc:2: 594 daAuts
   Orc:1: 257 daAuts
 Ossuary: 123 daAuts
    D:12: 66 daAuts
